[Event "Titled Tuesday Blitz July 18 Early 2023"]
[White "Mathieu, Phileas"]
[Black "Alahakoon, Isuru"]
[WhiteFideId "36048410"]
[BlackFideId "9900993"]
[WhiteElo "2502"]
[BlackElo "2367"]
[Result "1-0"]
[Round "8"]
[TimeControl "180+2"]
[Date "2023.07.18"]
[WhiteClock "0:01:36"]
[BlackClock "0:00:00"]
[Board "115"]

1. c4 e5 2. Nc3 Nc6 3. Nf3 Bc5 4. e3 d6 5. a3 a6 6. d4 exd4 7. exd4 Ba7 8. Be2 Nf6 9. h3 h6 10. O-O O-O 11. Be3 Bf5 12. Qd2 Re8 13. Bd3 Bxd3 14. Qxd3 Qd7 15. Rfe1 Ne7 16. b4 Qf5 17. Qxf5 Nxf5 18. c5 Nxe3 19. Rxe3 Rxe3 20. fxe3 Re8 21. Kf2 d5 22. c6 bxc6 23. Nd2 Bb6 24. Rc1 a5 25. b5 c5 26. dxc5 Bxc5 27. Nxd5 Bxa3 28. Nxf6+ gxf6 29. Rxc7 Rb8 30. Nc4 Bb4 31. b6 a4 32. Ra7 a3 33. Ke2 Bc5 34. Ra5 Bxb6 35. Rxa3 Bc5 36. Ra5 Be7 37. Kf3 Rb4 38. Nd2 Rb2 39. Ne4 Kg7 40. Ng3 Kg6 41. h4 Bb4 42. h5+ Kg7 43. Nf5+ Kh7 44. Ra7 Bc5 45. Rxf7+ Kg8 46. Nxh6+ Kh8 47. Nf5 Rb5 48. g4 Kg8 49. Rxf6 1-0


[Site "https://www.chess.com"]

[Event "Titled Tuesday Blitz July 18 Early 2023"]
[White "K2JW"]
[Black "Gulamali, Kazim"]
[BlackFideId "2024764"]
[WhiteElo "2366"]
[BlackElo "2494"]
[Result "0-1"]
[Round "8"]
[TimeControl "180+2"]
[Date "2023.07.18"]
[WhiteClock "0:00:14"]
[BlackClock "0:00:58"]
[Board "116"]

1. e4 e5 2. Nf3 Nc6 3. Bc4 Nf6 4. d3 Be7 5. O-O d6 6. Re1 Na5 7. Bb5+ c6 8. Ba4 b5 9. Bb3 O-O 10. d4 Qc7 11. c3 Nxb3 12. axb3 Re8 13. h3 h6 14. c4 b4 15. Nbd2 exd4 16. Nxd4 Bf8 17. Qc2 Bb7 18. Nf1 c5 19. Ne2 Bxe4 20. Qd1 Bb7 21. Bf4 Qc6 22. Ne3 Rxe3 0-1


[Site "https://www.chess.com"]

[Event "Titled Tuesday Blitz July 18 Early 2023"]
[White "Sovetbekova, Nurai"]
[Black "Ansh M Shah"]
[WhiteFideId "13801910"]
[BlackFideId "25033379"]
[WhiteElo "2366"]
[BlackElo "2491"]
[Result "0-1"]
[Round "8"]
[TimeControl "180+2"]
[Date "2023.07.18"]
[WhiteClock "0:00:00"]
[BlackClock "0:00:07"]
[Board "117"]

1. d4 Nf6 2. c4 g6 3. Nc3 Bg7 4. e4 d6 5. Nf3 O-O 6. Bd3 e5 7. d5 a5 8. O-O Na6 9. Bc2 Nc5 10. a3 Ne8 11. Rb1 f5 12. exf5 gxf5 13. b4 axb4 14. axb4 Na6 15. Bd2 e4 16. Ng5 h6 17. Ne6 Bxe6 18. dxe6 Qf6 19. Nd5 Qxe6 20. Be3 Kh7 21. f3 c6 22. Nf4 Qxc4 23. fxe4 fxe4 24. Bb3 Qc3 25. Bd2 Qd4+ 26. Kh1 d5 27. b5 Nc5 28. bxc6 bxc6 29. Bc2 Nf6 30. Ne2 Qe5 31. Bc3 Qe8 32. Bb4 Nfd7 33. Nd4 Rxf1+ 34. Qxf1 Bxd4 35. Rd1 Bg7 36. Qf2 Ne6 37. Re1 Nf6 38. Bc3 Qg6 39. Qb6 Rf8 40. Qxc6 Nf4 41. Rg1 Ne2 42. Rf1 Nxc3 43. Qxc3 Ng4 44. Qe1 Rxf1+ 45. Qxf1 Qf6 46. Qe2 Qa1+ 0-1


[Site "https://www.chess.com"]

[Event "Titled Tuesday Blitz July 18 Early 2023"]
[White "Der_Balak_3Halak"]
[Black "Senft, Sean"]
[BlackFideId "2044960"]
[WhiteElo "2489"]
[BlackElo "2364"]
[Result "1-0"]
[Round "8"]
[TimeControl "180+2"]
[Date "2023.07.18"]
[WhiteClock "0:00:07"]
[BlackClock "0:00:00"]
[Board "118"]

1. d4 d5 2. Nc3 Nf6 3. Bf4 Bf5 4. f3 e6 5. g4 Bg6 6. h4 h5 7. g5 Nfd7 8. Qd2 c5 9. Nb5 Na6 10. Nd6+ Bxd6 11. Bxd6 Qb6 12. dxc5 Qxb2 13. Rc1 Nb4 14. c3 Qxd2+ 15. Kxd2 Na6 16. e4 Naxc5 17. exd5 O-O-O 18. Bh3 b6 19. dxe6 Nxe6 20. Ke3 Rhe8 21. Kf2 Kb7 22. f4 Ndc5 23. Bxc5 Nxc5 24. Kg3 Rd3+ 25. Nf3 Ree3 26. Rhf1 Be4 27. Bg2 Rxc3 28. Rxc3 Rxc3 29. Kh2 f6 30. gxf6 gxf6 31. Nd4 Bxg2 32. Kxg2 Rd3 33. Nb5 Rd2+ 34. Kf3 Rxa2 35. Nd6+ Kc6 36. Ne8 f5 37. Ng7 b5 38. Nxh5 b4 39. Ng7 b3 40. Nxf5 b2 41. Nd4+ Kd5 42. Nc2 Nb3 43. Nb4+ Kc4 44. Nxa2 Nd4+ 45. Kf2 Kb3 46. Nc1+ Kc2 47. Ne2 Nb3 48. h5 Nd2 49. Nd4+ Kd3 50. Rd1 Kc3 51. Nf3 1-0


[Site "https://www.chess.com"]

[Event "Titled Tuesday Blitz July 18 Early 2023"]
[White "Wernberg, Hugo"]
[Black "Mmukka"]
[WhiteFideId "1737511"]
[WhiteElo "2363"]
[BlackElo "2487"]
[Result "0-1"]
[Round "8"]
[TimeControl "180+2"]
[Date "2023.07.18"]
[WhiteClock "0:00:04"]
[BlackClock "0:00:26"]
[Board "119"]

1. d4 d5 2. c4 dxc4 3. Nf3 Nf6 4. e3 e6 5. Bxc4 c5 6. O-O a6 7. dxc5 Bxc5 8. Qxd8+ Kxd8 9. Be2 Ke7 10. Nc3 Nbd7 11. Nd2 b5 12. Bf3 Rb8 13. Nde4 Bb6 14. b3 Bb7 15. Ba3+ Kd8 16. Nd6 Bxf3 17. Nxf7+ Kc7 18. gxf3 Rhf8 19. Bxf8 Rxf8 20. Ng5 Re8 21. Rac1 Kb7 22. Nce4 Bc7 23. f4 h6 24. Nxf6 gxf6 25. Ne4 Rg8+ 26. Kh1 f5 27. Rfd1 Rg7 28. Rxd7 Rxd7 29. Nc5+ Kc6 30. Nxd7+ Kxd7 31. Rg1 a5 32. Rg6 a4 33. Rxh6 a3 34. Rh7+ Kd6 35. Rxc7 Kxc7 36. Kg2 Kc6 37. Kf3 Kc5 38. h4 Kb4 39. h5 Kc3 40. h6 Kb2 41. h7 Kxa2 42. h8=Q Kb1 43. Qh1+ Kb2 44. Qd1 a2 45. Qd2+ Kb1 46. Qd3+ Kb2 47. Qd4+ Kb1 48. Qd1+ Kb2 49. Qd2+ Kb1 50. Ke2 a1=Q 51. Kd3 Qb2 52. Qc3 Ka2 53. b4 Qb3 54. f3 Qd1+ 55. Qd2+ Qxd2+ 56. Kxd2 Kb3 57. Kd3 Kxb4 58. Kd4 Ka3 59. Ke5 b4 60. Kxe6 b3 61. Kxf5 b2 62. e4 b1=Q 63. Kg5 Qg1+ 64. Kf6 Qb6+ 65. Kf5 Qc5+ 66. e5 Qf8+ 67. Ke4 Kb4 68. f5 Kc5 69. f4 Qa8+ 70. Ke3 Kd5 0-1


[Site "https://www.chess.com"]

[Event "Titled Tuesday Blitz July 18 Early 2023"]
[White "Gutkin, Ilya"]
[Black "Erzhanov, Arman"]
[WhiteFideId "16203470"]
[BlackFideId "4138821"]
[WhiteElo "2357"]
[BlackElo "2485"]
[Result "0-1"]
[Round "8"]
[TimeControl "180+2"]
[Date "2023.07.18"]
[WhiteClock "0:00:11"]
[BlackClock "0:01:21"]
[Board "120"]

1. e4 d6 2. d4 Nf6 3. f3 d5 4. e5 Ng8 5. c4 dxc4 6. Bxc4 e6 7. Nc3 Nd7 8. Be3 Nxe5 9. dxe5 Qh4+ 10. g3 Qxc4 11. Nge2 Bc5 12. b3 Qb4 13. a3 Qb6 14. Na4 Bxe3 15. Nxb6 Bxb6 16. a4 a5 17. Nc3 Ne7 18. Qe2 O-O 19. O-O-O Nc6 20. Nb5 Nb4 21. f4 Nd5 22. Kb2 c6 23. Nd6 Bc5 24. Ne4 Bb4 25. Qf3 b5 26. Rc1 bxa4 27. bxa4 Rb8 28. Ka2 Ba6 29. h4 Rfd8 30. h5 Bd3 31. Qxd3 Be7 32. Qc4 Rb4 33. Qxb4 Nxb4+ 34. Kb3 Rb8 35. Rxc6 Nxc6+ 36. Kc4 Rb4+ 37. Kd3 Rxa4 38. Rc1 Nb4+ 39. Ke2 h6 40. Rc8+ Kh7 41. Rc7 Nd5 42. Rd7 Rxe4+ 0-1


[Site "https://www.chess.com"]

[Event "Titled Tuesday Blitz July 18 Early 2023"]
[White "Llanos, Guillermo"]
[Black "Ljukin, Sergei"]
[WhiteFideId "100358"]
[BlackFideId "14102200"]
[WhiteElo "2350"]
[BlackElo "2471"]
[Result "1-0"]
[Round "8"]
[TimeControl "180+2"]
[Date "2023.07.18"]
[WhiteClock "0:00:14"]
[BlackClock "0:00:02"]
[Board "121"]

1. Nf3 d5 2. g3 Nc6 3. Bg2 e5 4. O-O Bg4 5. c4 d4 6. b4 Bxb4 7. Nxe5 Nxe5 8. Qa4+ Nc6 9. Bxc6+ bxc6 10. Qxb4 Ne7 11. Ba3 f6 12. f3 Bf5 13. d3 Ng6 14. Nd2 Kf7 15. Qc5 Qd7 16. Nb3 Rhd8 17. Rf2 Nf8 18. Bb2 Rab8 19. Rb1 Bg6 20. Qxa7 Ra8 21. Qxd4 Rxa2 22. Qxd7+ Rxd7 23. Nc1 Ra8 24. Bc3 c5 25. Kh1 h5 26. Kg1 h4 27. Kf1 Ne6 28. Ke1 h3 29. Kd2 c6 30. Rf1 Nd4 31. e3 Ne6 32. e4 Rad8 33. f4 Nd4 34. f5 Bh5 35. Bxd4 Rxd4 36. Rb6 Rxe4 37. Rxc6 Rxc4 38. Re1 Kg8 39. Rc7 Rcd4 40. Ree7 Kf8 41. Rxg7 c4 42. Rh7 Kg8 43. Rxh5 cxd3 44. Rh4 Rxh4 45. gxh4 Rd5 46. Rc3 Rxf5 47. Nxd3 Rf2+ 48. Nxf2 1-0


[Site "https://www.chess.com"]

[Event "Titled Tuesday Blitz July 18 Early 2023"]
[White "Saucey, Michel"]
[Black "WindWhistler11"]
[WhiteFideId "601845"]
[WhiteElo "2330"]
[BlackElo "2461"]
[Result "0-1"]
[Round "8"]
[TimeControl "180+2"]
[Date "2023.07.18"]
[WhiteClock "0:00:53"]
[BlackClock "0:00:25"]
[Board "122"]

1. d4 f5 2. Nf3 Nf6 3. g3 g6 4. Bg2 Bg7 5. O-O d6 6. c4 O-O 7. Nc3 Nc6 8. d5 Ne5 9. Nxe5 dxe5 10. c5 Kh8 11. Qb3 e4 12. Rd1 a6 13. Be3 e5 14. c6 b6 15. d6 cxd6 16. Bxb6 Qe7 17. Qa3 Ne8 18. Nd5 Qf7 19. Rac1 Be6 20. Qa5 Bh6 21. Rc3 f4 22. Bxe4 Rb8 23. gxf4 Bxf4 24. c7 Rc8 25. Qxa6 Qg7 26. Qxc8 Bxc8 27. e3 Bxh2+ 28. Kxh2 Qh6+ 29. Kg1 Qg5+ 30. Bg2 Bh3 0-1


[Site "https://www.chess.com"]

[Event "Titled Tuesday Blitz July 18 Early 2023"]
[White "Martin Barcelo, Carles"]
[Black "Zaksaite, Salomeja"]
[WhiteFideId "24561444"]
[BlackFideId "12801496"]
[WhiteElo "2457"]
[BlackElo "2304"]
[Result "1-0"]
[Round "8"]
[TimeControl "180+2"]
[Date "2023.07.18"]
[WhiteClock "0:00:08"]
[BlackClock "0:00:04"]
[Board "123"]

1. e4 c5 2. Nc3 e6 3. d4 cxd4 4. Qxd4 Nc6 5. Qd3 a6 6. Bf4 Nge7 7. O-O-O Ng6 8. Bd6 Bxd6 9. Qxd6 Qg5+ 10. Kb1 Qe5 11. Qd2 O-O 12. Nf3 Qa5 13. h4 b5 14. h5 Nge5 15. Nxe5 Nxe5 16. h6 f6 17. hxg7 Rf7 18. Rxh7 Rxg7 19. Rxg7+ Kxg7 20. Bd3 Qd8 21. Rh1 Qg8 22. Rh3 Kf7 23. f4 Ng6 24. Rg3 Qh7 25. e5 f5 26. Nd5 exd5 27. Rh3 Qg7 28. Bxf5 d6 29. Qxd5+ Kf8 30. Qxd6+ Ne7 31. Bxc8 Rxc8 32. Rh6 Qxg2 33. Qf6+ Ke8 34. Rh8+ Kd7 35. Qd6# 1-0


[Site "https://www.chess.com"]

[Event "Titled Tuesday Blitz July 18 Early 2023"]
[White "Pershina, Elena"]
[Black "Nunez V, Gustavo Eduardo"]
[WhiteFideId "24147516"]
[BlackFideId "4403690"]
[WhiteElo "2311"]
[BlackElo "2453"]
[Result "1-0"]
[Round "8"]
[TimeControl "180+2"]
[Date "2023.07.18"]
[WhiteClock "0:00:18"]
[BlackClock "0:00:02"]
[Board "124"]

1. c4 e5 2. g3 c5 3. Bg2 Nc6 4. Nc3 g6 5. e3 Bg7 6. Nge2 Nge7 7. O-O O-O 8. Rb1 d6 9. a3 Bf5 10. d3 a5 11. Nd5 h6 12. Nec3 Nxd5 13. Nxd5 Be6 14. f4 f5 15. Bd2 a4 16. Bc3 Kh7 17. Kh1 Bd7 18. b3 axb3 19. Qxb3 Na5 20. Qb6 Qxb6 21. Nxb6 Bc6 22. Nxa8 Rxa8 23. Bxc6 Nxc6 24. Rxb7 Rxa3 25. Rc1 Kg8 26. Rd7 Bf8 27. Rc2 Nb4 28. Bxb4 cxb4 29. Rb7 Rxd3 30. Rxb4 Rxe3 31. fxe5 dxe5 32. Rb8 f4 33. gxf4 exf4 34. Kg2 Kf7 35. c5 Re7 36. c6 Rc7 37. Rb7 Bd6 38. Rxc7+ Bxc7 39. Rd2 Ke6 40. Rd7 Be5 41. Kf3 h5 42. Ke4 f3 43. Kxf3 Bxh2 44. Rg7 Be5 45. c7 Bxg7 46. c8=Q+ Kf7 47. Qd7+ Kg8 48. Qe6+ Kh7 49. Qf7 Kh6 50. Kf4 Ba1 51. Qg8 Bg7 52. Qe6 Ba1 53. Qe7 Bb2 54. Ke4 Bg7 55. Kd5 Bb2 56. Ke6 Bg7 57. Kf7 Bb2 58. Qe6 Kh7 59. Qxg6+ Kh8 60. Qg8# 1-0


[Site "https://www.chess.com"]

[Event "Titled Tuesday Blitz July 18 Early 2023"]
[White "Arnold, Ken"]
[Black "Akhayan, Ruben"]
[WhiteFideId "2056836"]
[BlackFideId "204439"]
[WhiteElo "2449"]
[BlackElo "2293"]
[Result "1-0"]
[Round "8"]
[TimeControl "180+2"]
[Date "2023.07.18"]
[WhiteClock "0:01:49"]
[BlackClock "0:01:07"]
[Board "125"]

1. d4 Nf6 2. c4 e6 3. Nf3 d5 4. Nc3 Be7 5. Bf4 O-O 6. e3 c5 7. cxd5 Nxd5 8. Nxd5 exd5 9. Bd3 Nc6 10. O-O cxd4 11. exd4 Bf6 12. h3 h6 13. Bc2 Nb4 14. Bb3 Be6 15. a3 Nc6 16. Ne5 Bxe5 17. dxe5 Rc8 18. Re1 Na5 19. Bc2 Rc4 20. Qd3 Re4 21. Rxe4 dxe4 22. Qxe4 g6 23. Bxh6 Re8 24. Qf4 Nc6 25. Bg5 Qd4 26. Qxd4 Nxd4 27. Be4 b6 28. Bf6 Bf5 29. Bxf5 Nxf5 30. Rd1 Rc8 31. g4 Ng7 32. Rd7 a5 33. Rb7 1-0


[Site "https://www.chess.com"]

[Event "Titled Tuesday Blitz July 18 Early 2023"]
[White "Namitbir Singh Walia"]
[Black "Joshi, Pankaj"]
[WhiteFideId "35071068"]
[BlackFideId "5006210"]
[WhiteElo "2447"]
[BlackElo "2285"]
[Result "1-0"]
[Round "8"]
[TimeControl "180+2"]
[Date "2023.07.18"]
[WhiteClock "0:00:12"]
[BlackClock "0:00:31"]
[Board "126"]

1. e4 c5 2. Nf3 d6 3. d4 cxd4 4. Nxd4 Nf6 5. f3 a6 6. c4 e6 7. Nc3 Be7 8. Be3 O-O 9. Be2 Nbd7 10. O-O Qc7 11. Rc1 b6 12. b3 Bb7 13. Qd2 Rac8 14. Rfd1 Qb8 15. Kh1 Rfd8 16. Qe1 Bf8 17. Qf2 d5 18. exd5 exd5 19. cxd5 Nxd5 20. Nxd5 Bxd5 21. Bxa6 Rxc1 22. Rxc1 Qa8 23. Bc4 Nf6 24. Bg5 Bxc4 25. Bxf6 Bd3 26. Bxd8 Qxd8 27. Nc6 Qf6 28. Qxb6 Qb2 29. Rd1 Be2 30. Ne7+ Kh8 31. Qd8 1-0


[Site "https://www.chess.com"]

[Event "Titled Tuesday Blitz July 18 Early 2023"]
[White "Peiris, T G M"]
[Black "Tanmay Jain"]
[WhiteFideId "9901310"]
[BlackFideId "45015481"]
[WhiteElo "2282"]
[BlackElo "2446"]
[Result "0-1"]
[Round "8"]
[TimeControl "180+2"]
[Date "2023.07.18"]
[WhiteClock "0:00:28"]
[BlackClock "0:00:45"]
[Board "127"]

1. e4 g6 2. Nc3 Bg7 3. f4 d6 4. Nf3 c5 5. Bc4 e6 6. d3 Ne7 7. a3 O-O 8. Ba2 Nbc6 9. O-O b6 10. Qe1 Bb7 11. Be3 d5 12. Bf2 Qd7 13. Rd1 Rae8 14. Kh1 Nd4 15. Bb1 Nxf3 16. gxf3 f5 17. Bg3 Qc7 18. h4 d4 19. Ne2 fxe4 20. fxe4 Nf5 21. Kh2 Ne3 22. Rc1 Nxf1+ 23. Qxf1 e5 24. Ba2+ Kh8 25. f5 gxf5 26. exf5 Qc8 27. Be6 Rxe6 28. fxe6 Rxf1 29. Rxf1 Qxe6 0-1


[Site "https://www.chess.com"]

[Event "Titled Tuesday Blitz July 18 Early 2023"]
[White "arturdailima"]
[Black "JonSnowNW1"]
[WhiteElo "2275"]
[BlackElo "2444"]
[Result "0-1"]
[Round "8"]
[TimeControl "180+2"]
[Date "2023.07.18"]
[WhiteClock "0:00:17"]
[BlackClock "0:00:13"]
[Board "128"]

1. e4 c5 2. Nc3 d6 3. Nf3 Nf6 4. d4 cxd4 5. Nxd4 a6 6. f3 e5 7. Nb3 Be7 8. Be3 O-O 9. Qd2 Be6 10. O-O-O h5 11. Nd5 Nxd5 12. exd5 Bf5 13. Bd3 Bxd3 14. Qxd3 Bg5 15. Kb1 Nd7 16. Bf2 b6 17. h4 Bh6 18. g4 hxg4 19. fxg4 Bf4 20. g5 a5 21. a4 Qc8 22. Qb5 Rb8 23. Nd2 Nc5 24. Nc4 Ne4 25. Bxb6 Nf2 26. Nxd6 Qg4 27. Rhg1 Qh5 28. Rdf1 Ng4 29. Nc4 Ne3 30. Rxf4 exf4 31. Nxe3 fxe3 32. d6 Qg6 33. Qc5 Rfc8 34. Bc7 Qe6 35. Qxa5 Ra8 36. Qb5 e2 37. Re1 Re8 38. d7 Re7 39. d8=Q+ Rxd8 40. Bxd8 Rd7 41. Ba5 Rd1+ 0-1


[Site "https://www.chess.com"]

[Event "Titled Tuesday Blitz July 18 Early 2023"]
[White "Hernandez Bermudez, Ulises Eduardo"]
[Black "Ai, Evan"]
[WhiteFideId "3902510"]
[BlackFideId "2094770"]
[WhiteElo "2260"]
[BlackElo "2440"]
[Result "0-1"]
[Round "8"]
[TimeControl "180+2"]
[Date "2023.07.18"]
[WhiteClock "0:00:04"]
[BlackClock "0:00:11"]
[Board "129"]

1. e4 c5 2. c3 d5 3. exd5 Qxd5 4. d4 cxd4 5. cxd4 Nc6 6. Nf3 Bg4 7. Be2 e6 8. Nc3 Bb4 9. O-O Qd8 10. h3 Bf5 11. Qa4 Ne7 12. Rd1 O-O 13. a3 Bxc3 14. bxc3 Nd5 15. Qb3 Na5 16. Qb2 Rc8 17. Bd2 Nb6 18. c4 Naxc4 19. Bxc4 Rxc4 20. Bb4 Re8 21. Ne5 Rc8 22. Bc5 f6 23. Nf3 Be4 24. Nd2 Bd5 25. Rac1 Na4 26. Qb5 Nxc5 27. dxc5 a6 28. Qb4 Qe7 29. Nf1 Red8 30. Ne3 Bc6 31. Rd6 Rxd6 32. cxd6 Qd7 33. Rd1 Bb5 34. a4 Bxa4 35. Rd2 Bb5 36. Qe4 Rc6 37. Qd4 a5 38. f4 a4 39. Qb4 Ra6 40. f5 exf5 41. Rd5 a3 42. Nxf5 a2 43. Ne7+ Kf7 44. Rxb5 a1=Q+ 45. Kh2 Qxb5 46. Qxb5 Qe5+ 47. Qxe5 fxe5 48. Nc8 Ke6 49. Ne7 Rxd6 50. Ng8 Rd8 0-1


[Site "https://www.chess.com"]

[Event "Titled Tuesday Blitz July 18 Early 2023"]
[White "Karthik, Advaith"]
[Black "Levitan, Ronit"]
[WhiteFideId "30946050"]
[BlackFideId "2815109"]
[WhiteElo "2437"]
[BlackElo "2257"]
[Result "1-0"]
[Round "8"]
[TimeControl "180+2"]
[Date "2023.07.18"]
[WhiteClock "0:02:01"]
[BlackClock "0:00:32"]
[Board "130"]

1. e4 e5 2. Nf3 Nc6 3. Bc4 Bc5 4. d3 Nf6 5. O-O d6 6. h3 h6 7. a3 O-O 8. Re1 a5 9. Nbd2 Ne7 10. Ba2 Ng6 11. Nf1 Be6 12. Be3 Bxe3 13. fxe3 Qd7 14. Ng3 b5 15. Rf1 c5 16. Nd2 Nh4 17. Nf3 Ng6 18. Nd2 Nh4 19. Rxf6 gxf6 20. Qh5 Ng6 21. Qxh6 Bxh3 22. Qxg6+ Kh8 23. Qh6+ Kg8 24. Qxh3 Qxh3 25. gxh3 Kg7 26. Nf5+ Kg6 27. Kh2 b4 28. Rg1+ Kh5 29. a4 Rg8 30. Bxf7+ 1-0


[Site "https://www.chess.com"]

[Event "Titled Tuesday Blitz July 18 Early 2023"]
[White "Herman, Daniel"]
[Black "Samarth J Rao"]
[WhiteFideId "30935008"]
[BlackFideId "46652370"]
[WhiteElo "2434"]
[BlackElo "2274"]
[Result "0-1"]
[Round "8"]
[TimeControl "180+2"]
[Date "2023.07.18"]
[WhiteClock "0:00:09"]
[BlackClock "0:00:36"]
[Board "131"]

1. c4 e5 2. g3 Nf6 3. Bg2 Nc6 4. Nc3 Bb4 5. Nd5 O-O 6. Nxb4 Nxb4 7. a3 Nc6 8. d3 d5 9. cxd5 Nxd5 10. Nf3 Re8 11. O-O f6 12. Bd2 Bg4 13. Qb3 Rb8 14. e4 Bxf3 15. Bxf3 Nd4 16. Qd1 Ne7 17. Bg4 g6 18. f4 Nec6 19. Rc1 h5 20. Bh3 Kg7 21. f5 gxf5 22. Bxf5 Rh8 23. Be3 Nxf5 24. Rxf5 Ne7 25. Rxh5 Rxh5 26. Qxh5 Qxd3 27. Bh6+ Kg8 28. Qg4+ Kf7 29. Rxc7 Qb1+ 30. Kg2 Qxb2+ 31. Kh3 Qxa3 32. Qg7+ Ke6 33. Bc1 Qd6 34. Rc2 Rg8 35. Qh7 Qd1 36. Rc7 Qf1+ 37. Kh4 Ng6+ 38. Kh5 Qh3# 0-1


[Site "https://www.chess.com"]

[Event "Titled Tuesday Blitz July 18 Early 2023"]
[White "Vaglio Munoz, Jaime"]
[Black "Baches Garcia, Guillermo"]
[WhiteFideId "6500145"]
[BlackFideId "2209764"]
[WhiteElo "2255"]
[BlackElo "2433"]
[Result "1/2-1/2"]
[Round "8"]
[TimeControl "180+2"]
[Date "2023.07.18"]
[WhiteClock "0:00:42"]
[BlackClock "0:00:21"]
[Board "132"]

1. Nf3 d5 2. c4 e6 3. b3 Nf6 4. Bb2 Be7 5. g3 O-O 6. Bg2 b6 7. cxd5 exd5 8. O-O Bb7 9. d3 c5 10. Re1 d4 11. Nbd2 Nc6 12. a3 a5 13. Rc1 Qc7 14. Ng5 Rfe8 15. Rc2 Rad8 16. Qc1 Nd5 17. Ngf3 Bf6 18. Ne4 Be7 19. h4 h6 20. e3 f5 21. Ned2 dxe3 22. fxe3 Qxg3 23. Nf1 Qg6 24. e4 fxe4 25. dxe4 Nf6 26. Qf4 Bd6 27. Qf5 Qxf5 28. exf5 Rxe1 29. Nxe1 Rd7 30. Nf3 Bf4 31. Bxf6 gxf6 32. Re2 Ne5 33. Nxe5 Bxe5 34. Bxb7 Rxb7 35. Nd2 Rg7+ 36. Kf1 Rg4 37. Nc4 Rf4+ 38. Kg2 Rxf5 39. Nxb6 Rf4 40. Nc4 Rxh4 41. Nxa5 Rh2+ 42. Kf3 Rh3+ 43. Ke4 c4 44. Nxc4 Rxb3 45. Nxe5 fxe5 46. Kxe5 Rxa3 47. Kf6 Ra6+ 48. Kf5 Kg7 49. Re7+ Kf8 50. Rh7 Kg8 51. Rd7 Kf8 52. Rh7 Kg8 53. Rd7 Kf8 54. Rh7 1/2-1/2


[Site "https://www.chess.com"]

[Event "Titled Tuesday Blitz July 18 Early 2023"]
[White "Todorovic, Bojan"]
[Black "laimis61"]
[WhiteFideId "917087"]
[WhiteElo "2428"]
[BlackElo "2255"]
[Result "1/2-1/2"]
[Round "8"]
[TimeControl "180+2"]
[Date "2023.07.18"]
[WhiteClock "0:00:22"]
[BlackClock "0:00:29"]
[Board "133"]

1. d4 d6 2. c4 e5 3. Nf3 e4 4. Ng5 f5 5. Nc3 Nf6 6. g3 Be7 7. Bg2 O-O 8. O-O c6 9. d5 Na6 10. f3 exf3 11. exf3 Nc7 12. Re1 Nfxd5 13. Nxd5 cxd5 14. f4 Bxg5 15. fxg5 dxc4 16. Bf4 Ne6 17. Bd5 Re8 18. Bxc4 Kh8 19. Qxd6 Qxd6 20. Bxd6 Bd7 21. Bd5 Nxg5 22. Bxb7 Rxe1+ 23. Rxe1 Re8 24. Rxe8+ Bxe8 25. Bc5 a5 26. b4 axb4 27. Bxb4 Ne4 28. Kg2 g6 29. Kf3 Kg7 30. g4 Kf6 31. h4 Ke5 32. g5 Bb5 33. Ba5 Nc5 34. Bc7+ Ke6 35. Bc8+ Ke7 36. h5 Bc6+ 37. Ke2 gxh5 38. Bxf5 Ne6 39. Bxe6 Kxe6 40. Kf2 Kf5 41. Bd8 h4 42. Be7 Kg4 43. Kg1 Ba4 44. Kh2 Bc6 45. a3 Ba4 46. Bd8 Bc6 47. Be7 Ba4 48. Bd8 Bc6 49. Be7 1/2-1/2


[Site "https://www.chess.com"]

[Event "Titled Tuesday Blitz July 18 Early 2023"]
[White "Gabdushev, Ruslan"]
[Black "Feliz Dotel, Dewar Bienvenido"]
[WhiteFideId "4137833"]
[BlackFideId "6402801"]
[WhiteElo "2418"]
[BlackElo "2072"]
[Result "1-0"]
[Round "8"]
[TimeControl "180+2"]
[Date "2023.07.18"]
[WhiteClock "0:00:29"]
[BlackClock "0:00:00"]
[Board "134"]

1. b3 d5 2. Bb2 e6 3. e3 c5 4. f4 Nf6 5. Nf3 Nc6 6. Bb5 Qc7 7. O-O Bd6 8. d3 a6 9. Bxc6+ bxc6 10. Ne5 O-O 11. c4 a5 12. Nc3 Bxe5 13. fxe5 Qxe5 14. Qf3 d4 15. Na4 Qxe3+ 16. Qxe3 dxe3 17. Bxf6 gxf6 18. Rxf6 Rd8 19. Nxc5 a4 20. b4 a3 21. Rf3 Rb8 22. Rb1 e5 23. Rxe3 f6 24. Rb3 Kg7 25. Rg3+ Kf7 26. Kf2 Bf5 27. Ke3 Bg6 28. Rf3 Ke7 29. Rxa3 f5 30. Ra7+ Kf6 31. Nd7+ Rxd7 32. Rxd7 Rxb4 33. Rd6+ Ke7 34. Rxc6 Rb2 35. g3 Rxh2 36. a4 Ra2 37. Ra6 Kf7 38. Rf2 Ra3 39. c5 h5 40. Rb2 f4+ 41. gxf4 exf4+ 42. Kxf4 Kg7 43. Rb7+ Kh6 44. Rbb6 1-0


[Site "https://www.chess.com"]

[Event "Titled Tuesday Blitz July 18 Early 2023"]
[White "Ambartsumova, Karina"]
[Black "Larina, Maria"]
[WhiteFideId "4166299"]
[BlackFideId "24113182"]
[WhiteElo "2567"]
[BlackElo "2213"]
[Result "1-0"]
[Round "8"]
[TimeControl "180+2"]
[Date "2023.07.18"]
[WhiteClock "0:00:19"]
[BlackClock "0:00:19"]
[Board "135"]

1. d4 f5 2. Bf4 d6 3. Nc3 Nf6 4. e3 e6 5. Bd3 Be7 6. e4 fxe4 7. Nxe4 O-O 8. Qe2 Nc6 9. c3 e5 10. dxe5 Nxe5 11. Bxe5 dxe5 12. O-O-O Qe8 13. Nf3 Bd6 14. Bc4+ Kh8 15. Nxd6 cxd6 16. Rxd6 e4 17. Nd2 Bg4 18. Qe3 Qe5 19. Rd4 Rae8 20. h3 Be6 21. Re1 Bxc4 22. Nxc4 Qc5 23. Nd6 Rd8 24. Nf7+ Kg8 25. Nxd8 Nd5 26. Ne6 Nxe3 27. Nxc5 Nxg2 28. Rexe4 Rxf2 29. Rd8+ Kf7 30. Rd7+ Kg6 31. Rxb7 Rf1+ 32. Kc2 Ne1+ 33. Kb3 Nf3 34. Rg4+ Kf5 35. Rf7+ Ke5 36. Ka3 h5 37. Rgf4 g5 38. Rxf3 Rxf3 39. Rxf3 g4 40. hxg4 hxg4 41. Rg3 1-0


[Site "https://www.chess.com"]

[Event "Titled Tuesday Blitz July 18 Early 2023"]
[White "Alfaro, William"]
[Black "Przybylski, Wojciech"]
[WhiteFideId "6100457"]
[BlackFideId "1117599"]
[WhiteElo "2336"]
[BlackElo "2566"]
[Result "1-0"]
[Round "8"]
[TimeControl "180+2"]
[Date "2023.07.18"]
[WhiteClock "0:00:05"]
[BlackClock "0:00:11"]
[Board "136"]

1. d4 Nf6 2. Nf3 e6 3. Bf4 Bd6 4. Bg3 O-O 5. c4 b6 6. Nc3 Bb7 7. Qd3 Nc6 8. a3 Qe7 9. e4 Bxg3 10. hxg3 e5 11. d5 Nb8 12. Nh4 g6 13. Be2 d6 14. g4 Re8 15. Qh3 Bc8 16. Nf5 gxf5 17. gxf5 Qf8 18. g4 Qg7 19. Qh4 h6 20. Qxh6 Qxh6 21. Rxh6 Kg7 22. g5 Nh7 23. f6+ Kg8 24. O-O-O Nd7 25. Rdh1 Ndf8 26. Nb5 Bd7 27. Nxc7 Rec8 28. Nxa8 Rxa8 29. Kd2 Rc8 30. Bh5 Be8 31. Bg4 Rc7 32. b3 a6 33. Bf5 Bd7 34. Bxh7+ 1-0


[Site "https://www.chess.com"]

[Event "Titled Tuesday Blitz July 18 Early 2023"]
[White "Dwilewicz, Katarzyna"]
[Black "Souleidis, Georgios"]
[WhiteFideId "1148486"]
[BlackFideId "4206827"]
[WhiteElo "2327"]
[BlackElo "2542"]
[Result "0-1"]
[Round "8"]
[TimeControl "180+2"]
[Date "2023.07.18"]
[WhiteClock "0:00:04"]
[BlackClock "0:00:47"]
[Board "137"]

1. e4 c5 2. Nf3 e6 3. g3 Nc6 4. Bg2 Nf6 5. Nc3 e5 6. O-O d6 7. Re1 Be7 8. h3 O-O 9. d3 h6 10. Nd5 Nxd5 11. exd5 Nd4 12. c3 Nxf3+ 13. Bxf3 Bg5 14. h4 Bxc1 15. Rxc1 f5 16. Kg2 Qf6 17. Rc2 Bd7 18. a3 Ba4 19. b4 Rac8 20. Qc1 Bxc2 21. Qxc2 cxb4 22. axb4 e4 23. dxe4 Rxc3 24. Qe2 Re8 25. Qb5 Re7 26. Qa5 b6 27. Qb5 fxe4 28. Bxe4 Rxe4 29. Rxe4 Qf3+ 0-1


[Site "https://www.chess.com"]